EL
AKRON RUBBERDUCKS @ BIRMINGHAM BARONS
07/14/2049
 
TOP OF THE 1ST
Akron RubberDucks batting - Pitching for Birmingham Barons : RHP Cody Walsh
Pitching: RHP Cody Walsh
Batting: LHB Stu Sornson 0-0: Foul Ball, location: 2F
0-1: Foul Ball, location: 2F
0-2: Ball
1-2: Ground out 4-3 (Groundball, 34, EV 83.8 MPH)
Batting: LHB Nick Welling 0-0: Called Strike
0-1: Ball
1-1: Ground out U3 (Groundball, 34, EV 91.9 MPH)
Batting: RHB Tristan Wright 0-0: Foul Ball, location: 2F
0-1: Foul Ball, location: 2F
0-2: Fly out, F7 (Flyball, 78D, EV 83.1 MPH)
Top of the 1st over - 0 runs, 0 hits, 0 errors, 0 left on base; Akron 0 - Birmingham 0
BOTTOM OF THE 1ST
Birmingham Barons batting - Pitching for Akron RubberDucks : RHP Andy Coats
Pitching: RHP Andy Coats
Batting: RHB Danny Heikkila 0-0: Called Strike
0-1: Foul Ball, location: 2F
0-2: Ball
1-2: Fly out, F7 (Flyball, 78D, EV 93.1 MPH)
Batting: SHB Veit Geisler 0-0: Called Strike
0-1: Ground out 4-3 (Groundball, 4, EV 76.2 MPH)
Batting: SHB Ruben Velasco Jr. 0-0: Ball
1-0: SINGLE (Flyball, 4D, EV 93.1 MPH)
Batting: LHB Carlos Ramirez 0-0: Ball
1-0: Called Strike
1-1: Ball
2-1: Swinging Strike
2-2: Foul Ball, location: 2F
2-2: Ball
3-2: Strikes out looking
Bottom of the 1st over - 0 runs, 1 hit, 0 errors, 1 left on base; Akron 0 - Birmingham 0
TOP OF THE 2ND
Akron RubberDucks batting - Pitching for Birmingham Barons : RHP Cody Walsh
Batting: LHB Costodio Varino 0-0: Called Strike
0-1: Called Strike
0-2: SOLO HOME RUN (Line Drive, 8RXD, EV 113.1 MPH), Distance : 438 ft
Batting: SHB Jarrod Lindblad 0-0: Ball
1-0: Foul Ball, location: 2F
1-1: Ground out U3 (Groundball, 3, EV 83.8 MPH)
Batting: RHB Adam McMillen 0-0: Called Strike
0-1: Called Strike
0-2: Strikes out swinging
Batting: SHB Edwin Dominguez 0-0: Ball
1-0: Ball
2-0: Called Strike
2-1: Swinging Strike
2-2: Strikes out swinging
Top of the 2nd over - 1 run, 1 hit, 0 errors, 0 left on base; Akron 1 - Birmingham 0
BOTTOM OF THE 2ND
Birmingham Barons batting - Pitching for Akron RubberDucks : RHP Andy Coats
Batting: RHB Vic Lucatero 0-0: Ball
1-0: Foul Ball, location: 2F
1-1: Ball
2-1: Ball
3-1: Foul Ball, location: 2F
3-2: Fly out, F5 (Popup, 5, EV 61.9 MPH)
Batting: LHB Jason Bell 0-0: Ball
1-0: Called Strike
1-1: Ball
2-1: Ball
3-1: Base on Balls
Batting: SHB Matt Childers 0-0: Called Strike
0-1: Foul Ball, location: 2F
0-2: Foul Ball, location: 2F
0-2: Ball
1-2: Strikes out looking
Batting: LHB Matt Hyde 0-0: SINGLE (Flyball, 6MD, EV 83.1 MPH)
Jason Bell to second
Batting: RHB Trevor Conklin 0-0: Ball
Wild Pitch!
Jason Bell to third
Matt Hyde to second
1-0: Called Strike
1-1: Ball
2-1: Foul Ball, location: 2F
2-2: Strikes out swinging
Bottom of the 2nd over - 0 runs, 1 hit, 0 errors, 2 left on base; Akron 1 - Birmingham 0
TOP OF THE 3RD
Akron RubberDucks batting - Pitching for Birmingham Barons : RHP Cody Walsh
Batting: SHB Javon Mitchell 0-0: Foul Ball, location: 2F
0-1: Ball
1-1: Reached on error, E5 (Groundball, 5, EV 96.9 MPH)
Batting: RHB Anibal Casteles 0-0: Ball
1-0: Swinging Strike
1-1: Foul Ball, location: 2F
1-2: Ball
2-2: Foul Ball, location: 2F
2-2: Foul Ball, location: 2F
2-2: Ball
3-2: SINGLE (Groundball, 6S, EV 68.8 MPH) (infield hit)
Javon Mitchell to second
Batting: LHB Stu Sornson 0-0: Foul Ball, location: 2F
0-1: Ball
1-1: Swinging Strike
1-2: Ball
2-2: Ball
3-2: Base on Balls
Javon Mitchell to third
Anibal Casteles to second
Batting: LHB Nick Welling 0-0: Ball
1-0: Ball
2-0: Grounds into double play, 4-6-3 (Groundball, 4, EV 100.6 MPH)
Javon Mitchell scores
Anibal Casteles to third
Batting: RHB Tristan Wright 0-0: Ball
1-0: Foul Ball, location: 2F
1-1: Swinging Strike
1-2: Foul Ball, location: 2F
1-2: Ball
2-2: SINGLE (Groundball, 56D, EV 100.0 MPH)
Anibal Casteles scores
Batting: LHB Costodio Varino 0-0: Ball
1-0: Foul Ball, location: 2F
1-1: Called Strike
1-2: Foul Ball, location: 2F
1-2: Ball
2-2: Strikes out swinging
Top of the 3rd over - 2 runs, 2 hits, 1 error, 1 left on base; Akron 3 - Birmingham 0
BOTTOM OF THE 3RD
Birmingham Barons batting - Pitching for Akron RubberDucks : RHP Andy Coats
Batting: RHB Danny Heikkila 0-0: Swinging Strike
0-1: Ball
1-1: Swinging Strike
1-2: Ball
2-2: Foul Ball, location: 2F
2-2: Ball
3-2: Strikes out swinging
Batting: SHB Veit Geisler 0-0: Ball
1-0: Foul Ball, location: 2F
1-1: Ball
2-1: Ball
3-1: Foul Ball, location: 2F
3-2: Strikes out swinging
Batting: SHB Ruben Velasco Jr. 0-0: Ball
1-0: Called Strike
1-1: Ball
2-1: Ball
3-1: Called Strike
3-2: DOUBLE (Line Drive, 8LXD, EV 106.2 MPH)
Batting: LHB Carlos Ramirez 0-0: Called Strike
0-1: Called Strike
0-2: Foul Ball, location: 2F
0-2: Ground out 4-3 (Groundball, 4MD, EV 86.2 MPH)
Bottom of the 3rd over - 0 runs, 1 hit, 0 errors, 1 left on base; Akron 3 - Birmingham 0
TOP OF THE 4TH
Akron RubberDucks batting - Pitching for Birmingham Barons : RHP Cody Walsh
Batting: SHB Jarrod Lindblad 0-0: Swinging Strike
0-1: Ground out 6-3 (Groundball, 6MS, EV 68.8 MPH)
Batting: RHB Adam McMillen 0-0: Called Strike
0-1: Swinging Strike
0-2: Ball
1-2: Strikes out swinging
Batting: SHB Edwin Dominguez 0-0: Ball
1-0: Called Strike
1-1: Foul Ball, location: 2F
1-2: Ground out 4-3 (Groundball, 4, EV 84.4 MPH)
Top of the 4th over - 0 runs, 0 hits, 0 errors, 0 left on base; Akron 3 - Birmingham 0
BOTTOM OF THE 4TH
Birmingham Barons batting - Pitching for Akron RubberDucks : RHP Andy Coats
Batting: RHB Vic Lucatero 0-0: Called Strike
0-1: Foul Ball, location: 2F
0-2: Ball
1-2: Ball
2-2: Ball
3-2: SINGLE (Groundball, 34S, EV 71.2 MPH) (infield hit)
Batting: LHB Jason Bell 0-0: Called Strike
0-1: Grounds into double play, 5-6-3 (Groundball, 6, EV 89.4 MPH)
Batting: SHB Matt Childers 0-0: Called Strike
0-1: Ground out 4-3 (Groundball, 4, EV 97.5 MPH)
Bottom of the 4th over - 0 runs, 1 hit, 0 errors, 0 left on base; Akron 3 - Birmingham 0
TOP OF THE 5TH
Akron RubberDucks batting - Pitching for Birmingham Barons : RHP Cody Walsh
Batting: SHB Javon Mitchell 0-0: Ball
1-0: Ground out 2-3 (Groundball, 15S, EV 71.9 MPH)
Batting: RHB Anibal Casteles 0-0: Foul Ball, location: 2F
0-1: Ball
1-1: Ball
2-1: Swinging Strike
2-2: Strikes out swinging
Batting: LHB Stu Sornson 0-0: Ball
1-0: Ground out 4-3 (Groundball, 34D, EV 101.9 MPH)
Top of the 5th over - 0 runs, 0 hits, 0 errors, 0 left on base; Akron 3 - Birmingham 0
BOTTOM OF THE 5TH
Birmingham Barons batting - Pitching for Akron RubberDucks : RHP Andy Coats
Batting: LHB Matt Hyde 0-0: Ground out 4-3 (Groundball, 4S, EV 83.8 MPH)
Batting: RHB Trevor Conklin 0-0: Ball
1-0: Foul Ball, location: 2F
1-1: Swinging Strike
1-2: Strikes out looking
Batting: RHB Danny Heikkila 0-0: Ball
1-0: DOUBLE (Flyball, 78D, EV 108.1 MPH)
Batting: SHB Veit Geisler 0-0: Called Strike
0-1: Ball
1-1: Ball
2-1: Foul Ball, location: 2F
2-2: Ball
3-2: Strikes out swinging
Bottom of the 5th over - 0 runs, 1 hit, 0 errors, 1 left on base; Akron 3 - Birmingham 0
TOP OF THE 6TH
Akron RubberDucks batting - Pitching for Birmingham Barons : RHP Cody Walsh
Batting: LHB Nick Welling 0-0: Fly out, F8 (Flyball, 8RM, EV 79.4 MPH)
Batting: RHB Tristan Wright 0-0: Foul Ball, location: 2F
0-1: Foul Ball, location: 2F
0-2: Ball
1-2: Strikes out swinging
Batting: LHB Costodio Varino 0-0: Ground out 3-1 (Groundball, 34, EV 103.1 MPH)
Top of the 6th over - 0 runs, 0 hits, 0 errors, 0 left on base; Akron 3 - Birmingham 0
BOTTOM OF THE 6TH
Birmingham Barons batting - Pitching for Akron RubberDucks : RHP Andy Coats
Batting: SHB Ruben Velasco Jr. 0-0: SINGLE (Line Drive, 6D, EV 98.8 MPH)
Batting: LHB Carlos Ramirez 0-0: Ground out 6-3 (Groundball, 4MS, EV 68.8 MPH)
Ruben Velasco Jr. to second
Batting: RHB Vic Lucatero 0-0: Called Strike
0-1: Called Strike
0-2: Foul Ball, location: 2F
0-2: Strikes out swinging
Batting: LHB Jason Bell 0-0: DOUBLE (Flyball, 8LXD, EV 102.5 MPH)
Ruben Velasco Jr. scores
Batting: SHB Matt Childers 0-0: Ground out 5-3 (Groundball, 6, EV 86.2 MPH)
Bottom of the 6th over - 1 run, 2 hits, 0 errors, 1 left on base; Akron 3 - Birmingham 1
TOP OF THE 7TH
Akron RubberDucks batting - Pitching for Birmingham Barons : RHP Cody Walsh
Batting: SHB Jarrod Lindblad 0-0: Ball
1-0: Ball
2-0: Ball
3-0: Base on Balls
Pitching: LHP Matt Schwartz
Batting: RHB Adam McMillen 0-0: Ball
1-0: Bunt missed!
1-1: Sac Bunt to 13S - play at first, batter OUT! 1-3
Jarrod Lindblad to second
Batting: SHB Edwin Dominguez 0-0: Intentional Walk
Batting: SHB Javon Mitchell 0-0: Called Strike
0-1: Called Strike
0-2: Ball
1-2: Ball
2-2: Strikes out swinging
Batting: RHB Anibal Casteles 0-0: Ball
1-0: Swinging Strike
1-1: 3-RUN HOME RUN (Flyball, 7D, EV 93.8 MPH), Distance : 371 ft
Pinch Hitting: RHB David Matheney 0-0: Foul Ball, location: 2F
0-1: Ball
1-1: Ball
2-1: Called Strike
2-2: Ball
3-2: Strikes out swinging
Top of the 7th over - 3 runs, 1 hit, 0 errors, 0 left on base; Akron 6 - Birmingham 1
BOTTOM OF THE 7TH
Birmingham Barons batting - Pitching for Akron RubberDucks : RHP Andy Coats
Now in LF: Jarrod Lindblad
Now in CF: Kenzo Shinoda
Now in RF: Dan Morataya
Batting: LHB Matt Hyde 0-0: Called Strike
0-1: Ball
1-1: Ball
2-1: Swinging Strike
2-2: Ball
3-2: DOUBLE (Flyball, 7LM, EV 90.6 MPH)
Pitching: RHP Arturo Rojas
Batting: RHB Trevor Conklin 0-0: Foul Ball, location: 2F
0-1: Foul Ball, location: 2F
0-2: Ball
1-2: Foul Ball, location: 2F
1-2: Foul Ball, location: 2F
1-2: Hit by Pitch
Pinch Runner at 1st Ron Johansen:
Pinch Hitting: LHB Joe Kirkland 0-0: Called Strike
0-1: Ball
1-1: Foul Ball, location: 2F
1-2: Strikes out looking
Batting: SHB Veit Geisler 0-0: Ball
1-0: Ball
2-0: Ball
3-0: Called Strike
3-1: Fly out, F8 (Flyball, 89D, EV 80.0 MPH)
Batting: SHB Ruben Velasco Jr. 0-0: Called Strike
0-1: Foul Ball, location: 2F
0-2: Ball
1-2: Foul Ball, location: 2F
1-2: Fly out, F5 (Popup, 56, EV 72.5 MPH)
Bottom of the 7th over - 0 runs, 1 hit, 0 errors, 2 left on base; Akron 6 - Birmingham 1
TOP OF THE 8TH
Akron RubberDucks batting - Pitching for Birmingham Barons : LHP Matt Schwartz
Now at C: Jerry Edmiston
Now at 2B: Ron Johansen
Batting: SHB Dan Morataya 0-0: Called Strike
0-1: Ground out 6-3 (Groundball, 6, EV 90.0 MPH)
Batting: RHB Tristan Wright 0-0: Ball
1-0: Called Strike
1-1: Swinging Strike
1-2: Strikes out swinging
Batting: LHB Costodio Varino 0-0: Ball
1-0: Ball
2-0: Called Strike
2-1: Foul Ball, location: 2F
2-2: Ball
3-2: Strikes out swinging
Top of the 8th over - 0 runs, 0 hits, 0 errors, 0 left on base; Akron 6 - Birmingham 1
BOTTOM OF THE 8TH
Birmingham Barons batting - Pitching for Akron RubberDucks : RHP Arturo Rojas
Batting: LHB Carlos Ramirez 0-0: Called Strike
0-1: Ball
1-1: Called Strike
1-2: Ball
2-2: Ball
3-2: Strikes out looking
Batting: RHB Vic Lucatero 0-0: Called Strike
0-1: Ball
1-1: Swinging Strike
1-2: Ball
2-2: Ball
3-2: Strikes out swinging
Batting: LHB Jason Bell 0-0: Ball
1-0: Ball
2-0: Ball
3-0: Called Strike
3-1: Foul Ball, location: 2F
3-2: Base on Balls
Batting: SHB Matt Childers 0-0: Ball
1-0: Called Strike
1-1: Ball
2-1: Foul Ball, location: 2F
2-2: Foul Ball, location: 2F
2-2: Ball
3-2: Ground out U3 (Groundball, 3L, EV 101.9 MPH)
Bottom of the 8th over - 0 runs, 0 hits, 0 errors, 1 left on base; Akron 6 - Birmingham 1
TOP OF THE 9TH
Akron RubberDucks batting - Pitching for Birmingham Barons : LHP Matt Schwartz
Batting: SHB Jarrod Lindblad 0-0: Called Strike
0-1: Foul Ball, location: 2F
0-2: Ball
1-2: Ball
2-2: Ball
3-2: Base on Balls
Pitching: RHP Tristan Chapple
Batting: RHB Adam McMillen 0-0: Foul Ball, location: 2F
0-1: Foul Ball, location: 2F
0-2: Strikes out swinging
Batting: SHB Edwin Dominguez 0-0: Called Strike
0-1: Ball
1-1: Swinging Strike
1-2: Ball
2-2: Ball
3-2: Strikes out swinging
Batting: SHB Javon Mitchell 0-0: Swinging Strike
0-1: Called Strike
0-2: Ball
Jarrod Lindblad is caught stealing 2nd base 2-6
Top of the 9th over - 0 runs, 0 hits, 0 errors, 0 left on base; Akron 6 - Birmingham 1
BOTTOM OF THE 9TH
Birmingham Barons batting - Pitching for Akron RubberDucks : RHP Arturo Rojas
Batting: LHB Matt Hyde 0-0: Ball
1-0: SINGLE (Groundball, 56D, EV 101.9 MPH)
Pitching: RHP Jim Averette
Batting: RHB Ron Johansen 0-0: Ball
1-0: Ball
2-0: Called Strike
2-1: Swinging Strike
2-2: Ball
3-2: Foul Ball, location: 2F
3-2: Base on Balls
Matt Hyde to second
Pinch Hitting: LHB Dalton Silveira 0-0: Called Strike
0-1: Foul Ball, location: 2F
0-2: Strikes out swinging
Batting: SHB Veit Geisler 0-0: Fly out, F7 (Line Drive, 7S, EV 92.5 MPH)
Batting: SHB Ruben Velasco Jr. 0-0: Ball
1-0: Foul Ball, location: 2F
1-1: Ball
2-1: Foul Ball, location: 2F
2-2: Foul Ball, location: 2F
2-2: Fly out, F6 (Flyball, 6D, EV 93.8 MPH)
Bottom of the 9th over - 0 runs, 1 hit, 0 errors, 2 left on base; Akron 6 - Birmingham 1
Sunday, July 16th , 2023 - OOTP Baseball 24.6 Build 69